 Dungeon Crawl Stone Soup version 0.32-a0-361-g289a535 (webtiles) character file.

Game seed: 9969083280741617824

207 Nithhogg the Trooper (level 5, 0/47 HPs)
             Began as a Mountain Dwarf Fighter on Feb 18, 2024.
             Slain by a gnoll
             ... wielding a +0 halberd
              (2 damage)
             ... on level 3 of the Dungeon.
             The game lasted 00:03:49 (2133 turns).

Nithhogg the Trooper (Mountain Dwarf Fighter)       Turns: 2133, Time: 00:03:50

Health: 0/47       AC:  7    Str: 20    XL:     5   Next: 54%
Magic:  7/7        EV:  5    Int:  9    God:
Gold:   53         SH:  0    Dex:  9    Spells: 4/4 levels left

rFire   . . .        m - +2 whip (elec)
rCold   . . .        (no shield)
rNeg    . . .        b - +0 scale mail
rPois   .            (no helmet)
rElec   .            (no cloak)
rCorr   .            (no gloves)
SInv    .            (no boots)
Will    .....        (no amulet) Stlth
                     (no ring)
HPRegen 0.27/turn    (no ring)
MPRegen 0.10/turn

%: no passive effects
@: held
A: runic magic, artefact enchanting
a: no special abilities


You were on level 3 of the Dungeon.
You visited 1 branch of the dungeon, and saw 3 of its levels.

You collected 53 gold pieces.

Inventory:

Hand Weapons
 a - a +0 war axe
 m - a +2 whip of electrocution (weapon)
 p - a +4 dagger of freezing
Missiles
 h - 3 datura-tipped darts (quivered)
 i - 4 atropa-tipped darts
Armour
 b - a +0 scale mail (worn)
 c - a +0 buckler
 k - a +0 plate armour
Wands
 o - a wand of charming (9)
Scrolls
 r - 2 scrolls of identify
Potions
 d - a potion of might
 e - a potion of lignification {unknown}
 g - a potion of enlightenment {unknown}
 j - a potion of degeneration {unknown}
 l - 2 potions of curing {unknown}
 n - 2 potions of attraction {unknown}
 q - 2 potions of haste {unknown}


   Skills:
 + Level 4.5 Fighting
 + Level 4.1 Axes
 + Level 4.4 Armour
 - Level 3.2 Shields
 + Level 3.2 Invocations


You had 4 spell levels left.
You didn't know any spells.
Your spell library was empty.

Dungeon Overview and Level Annotations

Branches:
Dungeon (3/15)

Altars:
Dithmenos

Annotations:
D:3 2 transporters, Robin; bignoob's ghost, weakling MDDe


Innate Abilities, Weirdness & Mutations

Your spellcasting is much less encumbered by armour.
You can use scrolls of enchantment on lesser artefacts.


Message History

The gnoll hits you from afar with a +0 halberd.
You hit the gnoll.
The gnoll is severely wounded.
The gnoll barely misses you. The gnoll closely misses you.
The gnoll barely misses you.
The gnoll hits you from afar with a +0 halberd.
You are too injured to fight recklessly!
You are too injured to fight recklessly!
You are too injured to fight recklessly!
You closely miss the gnoll.
The gnoll is severely wounded.
The gnoll hits you with a +0 club. The gnoll hits you with a +0 spear.
* * * LOW HITPOINT WARNING * * *
The gnoll closely misses you. x2
The gnoll hits you with a +0 spear.
* * * LOW HITPOINT WARNING * * *
The gnoll barely misses you. The gnoll attacks as it pursues you!
The gnoll closely misses you.
Okay, then.
The gnoll throws a throwing net.
The throwing net hits you.
You become entangled in the net!
The gnoll barely misses you.
You see here a throwing net.
You struggle against the net.
The gnoll hits you from afar with a +0 spear.
* * * LOW HITPOINT WARNING * * *
As you read the scroll of fog, it dissolves into smoke.
The gnoll hits you with a +0 club.
* * * LOW HITPOINT WARNING * * *
The gnoll closely misses you. The gnoll barely misses you.
You struggle against the net.
The gnoll hits you but does no damage. The gnoll barely misses you.
The gnoll hits you from afar with a +0 halberd.
* * * LOW HITPOINT WARNING * * *
You struggle against the net.
The gnoll hits you with a +0 club.
* * * LOW HITPOINT WARNING * * *
The gnoll hits you but does no damage.
The gnoll hits you from afar with a +0 spear.
* * * LOW HITPOINT WARNING * * *
The gnoll hits you from afar with a +0 halberd.
You die...

####..............
#.......##'#######
#.....###.).##
#.....##.....##
#.....#.......#
#...#)#.....[.#
#...gg#.......#
#...#g##.....##
#..§#@###...##
##.g§§§§##############
#.§§§§§....##........
#...######....####.#.
#...#...##########.#.
#...#.<.# #......#.#.
#####)..###.⌠....#.#.
#.................#.
#.ß........###.####.


You could see 4 gnolls.

Vanquished Creatures
  Ijyb (D:3)
  Jessica (D:3)
  4 adders
  A dart slug (D:1)
  A ribbon worm (D:2)
  2 orcs (D:3)
  10 ball pythons
  4 bats (D:1)
  4 endoplasms
  6 goblins
  4 hobgoblins
  4 quokkas
  3 frilled lizards
  3 kobolds
  23 rats
71 creatures vanquished.

Notes
Turn   | Place    | Note
-------+----------+-------------------------------------------
     0 | D:1      | Nithhogg the Mountain Dwarf Fighter began the quest for the
                  | Orb.
     0 | D:1      | Reached XP level 1. HP: 19/19 MP: 1/1
    59 | D:1      | Reached XP level 2. HP: 20/26 MP: 2/2
    64 | D:1      | Reached skill level 1 in Invocations
   302 | D:1      | Found a faded altar of an unknown god.
   421 | D:1      | Reached XP level 3. HP: 33/33 MP: 4/4
   639 | D:2      | Found a shadowy altar of Dithmenos.
   783 | D:2      | Reached XP level 4. HP: 35/40 MP: 5/5
  1590 | D:3      | Noticed an ogre
  1591 | D:3      | Noticed an ogre
  1593 | D:3      | Noticed Ijyb
  1599 | D:3      | Killed Ijyb
  1600 | D:3      | Reached XP level 5. HP: 44/46 MP: 5/7
  1669 | D:3      | Found a transporter.
  1669 | D:3      | Noticed bignoob's ghost (weakling MDDe)
  1673 | D:3      | Found a transporter.
  1764 | D:3      | Noticed Robin
  1954 | D:3      | Noticed Jessica
  1964 | D:3      | Killed Jessica
  2133 | D:3      | HP: 2/47 [gnoll/+0 spear (3)]
  2133 | D:3      | Slain by a gnoll

Illustrated notes

Levels and vault maps discovered:
D:1:      onia_arrival_mini_spirals, layout_basic,
          shapermc_ecumenical_altar_pompeii
D:2:      layout_basic, serial_co_window_serial, co_window_paths_a,
          co_window_corner_a, co_window_corner_a, co_window_paths_a,
          co_window_paths_a, co_window_2corner, co_window_unsneaky_path_b,
          co_window_broadway_c, co_window_corner_cb, co_window_4corner_a,
          glass_columns_a, glass_columns_c, glass_columns_a, basic_altar,
          minmay_rat_hole
D:3:      kennysheep_six_static_rooms, layout_basic, gammafunk_ghost_smash,
          nicolae_elevator_lobby_asterisk, uniq_robin, uniq_ijyb, uniq_jessica

Skill      XL: |  1  2  3  4  5 |
---------------+----------------+-----
Invocations    | 1 2 3 |  3.2
Axes           | 3 4 |  4.1
Fighting       | 4 |  4.5
Armour         | 4 |  4.4
Shields        | |  3.2

Action                     |  1- 3 |  4- 6 || total
---------------------------+-------+-------++-------
  Melee: War axe           |    80 |     4 ||    84
         Whip              |       |    84 ||    84
    Use: Scroll            |     1 |     2 ||     3
 Armour: Scale mail        |    61 |    92 ||   153
  Dodge: Dodged            |    47 |    48 ||    95

Table legend: (Time is in decaauts)
 A = Elapsed time spent in this place.
 B = Non-inter-level travel time spent in this place.
 C = Inter-level travel time spent in this place.
 D = Time resting spent in this place.
 E = Time spent auto-exploring this place.
 F = Levels seen in this place.
 G = Mean time per level.
                   A        B        C        D        E       F      G
               +--------+--------+--------+--------+--------+-----+--------+
         Total |   2161 |   2106 |     55 |    115 |   1550 |   3 |  720.3 |
       Dungeon |   2161 |   2106 |     55 |    115 |   1550 |   3 |  720.3 |
               +--------+--------+--------+--------+--------+-----+--------+

Top non-repeatable levels by time:
     D:2: 1010 daAuts
     D:1: 659 daAuts
     D:3: 491 daAuts
